 Dungeon Crawl Stone Soup version 0.26-a0-1107-g6118521029 (webtiles) character file.

Game seed: 3847403859864840965

273 Dracia the Slasher (level 6, -6/42 HPs)
             Began as a Demonspawn Chaos Knight on Dec 16, 2020.
             Was a Plaything of Xom.
             Mangled by an orc wizard
             ... wielding a +0 trident
              (8 damage)
             ... on level 4 of the Dungeon.
             The game lasted 00:04:38 (3928 turns).

Dracia the Slasher (Demonspawn Chaos Knight)        Turns: 3928, Time: 00:04:38

Health: -6/42      AC:  6    Str: 13 (14) XL:     6   Next: 3%
Magic:  6/6        EV: 11    Int: 14 (16) God:    Xom [...*..]
Gold:   352        SH:  0    Dex: 11 (12) Spells: 5/5 levels left

rFire    + . .     SeeInvis .   a - +0 falchion (chaos)
rCold    . . .     Faith    .   (no shield)
rNeg     . . .     Spirit   .   b - +2 leather armour
rPois    .         Reflect  .   d - +0 helmet
rElec    .         Harm     .   (no cloak)
rCorr    .         Rampage  .   (no gloves)
Will     .....     Clarity  +   (no boots)
Stlth    +.........             (no amulet)
HPRegen  0.14/turn              F - ring of fire
MPRegen  0.10/turn              Z - ring of wizardry

@: very slightly contaminated, invisible
A: talons 1, clarity, clever 1, cold resistance 1, demonic guardian 1, frail 1,
high mp 1
a: Renounce Religion


You were on level 4 of the Dungeon.
You worshipped Xom.
You were a favourite toy of Xom.
You visited 1 branch of the dungeon, and saw 4 of its levels.

You collected 352 gold pieces.


Innate Abilities, Weirdness & Mutations

You have sharp toenails.
Your flesh is cold resistant. (rC+)
A weak demonic guardian rushes to your aid.
You possess an exceptional clarity of mind.
Your mind is acute. (Int +2)
You are frail. (-10% HP)
You have an increased reservoir of magic. (+10% MP)


   Skills:
 - Level 3.0 Fighting
 + Level 6.2 Long Blades
 - Level 1.7 Armour
 - Level 0.8 Dodging


You had 5 spell levels left.
You didn't know any spells.
Your spell library was empty.

Inventory:

Hand Weapons
 a - a +0 falchion of chaos (weapon)
Missiles
 i - 7 poisoned darts (quivered)
Armour
 b - a +2 leather armour (worn)
 d - a +0 helmet (worn)
Jewellery
 f - an uncursed ring of fire
 z - an uncursed ring of wizardry
 F - a ring of fire (left hand)
 Z - a ring of wizardry (right hand)
Scrolls
 c - 2 scrolls of noise {unknown}
 e - a scroll of amnesia {unknown}
 g - 3 scrolls of identify {unknown}
 h - 2 scrolls of teleportation {unknown}
 n - a scroll of blinking {unknown}
 o - a scroll of remove curse {unknown}
Potions
 j - a potion of invisibility
 k - a potion of resistance {unknown}
 m - a potion of heal wounds {unknown}

Dungeon Overview and Level Annotations

Branches:
Dungeon (4/15)
 Temple: D:4-7

Altars:
Yredelemnul

######### #.....).# #.......#
###########.......#
############5@......†........#
#...........{#####............
##.##########.# #..##.......#
#......######o# #..##.......#
###..###o.......# #..#####.####
.............#..#####..#####.##
###..#....o...o............#..#
###..#.##.#####.#####..###.##.#
........#.# #........>##.##.#


You could see an orc wizard, an orc (wandering) and a friendly white imp
(summoned).


Message History

A puff of frost appears from out of thin air!
The puff of frost hits you!
* * * LOW HITPOINT WARNING * * *
A puff of frost appears from out of thin air!
The puff of frost hits you!
* * * LOW HITPOINT WARNING * * *
A magic dart appears from out of thin air!
The magic dart hits you.
* * * LOW HITPOINT WARNING * * *
A puff of flame appears from out of thin air!
The puff of flame misses you. Something hits you but does no damage.
The orc wizard gestures wildly while chanting.
The orc wizard blinks!
You hear some strange, mumbled words.
A puff of frost appears from out of thin air!
The puff of frost hits you!
* * * LOW HITPOINT WARNING * * *
Unknown command.
You fade into invisibility!
Something barely misses your white imp. The orc wizard casts a spell at you.
The orc resists with significant effort.
You are very lightly contaminated with residual magic.
It was a potion of degeneration.
There was something very wrong with that liquid.
You feel weakened.
You feel dopey.
You feel clumsy.
Xom thinks this is hilarious!
Something hits you!
You die...

Skill      XL: |  1  2  3  4  5 |
---------------+----------------+-----
Long Blades    | 3 4 5 6 |  6.2
Fighting       | |  3.0
Armour         | |  1.7
Dodging        | |  0.8

Action                   |  1- 3 |  4- 6 || total
-------------------------+-------+-------++-------
Melee: Falchion          |   110 |   110 ||   220
       Kick              |       |     2 ||     2
  Use: Potion            |       |     3 ||     3
 Stab: Sleeping          |     2 |     1 ||     3
       Petrified         |     1 |       ||     1
       Paralysed         |     1 |       ||     1
       Invisible         |       |     2 ||     2
       Distracted        |       |     1 ||     1
Armor: Leather armour    |    58 |    41 ||    99
Dodge: Dodged            |    93 |    77 ||   170
       Rpst.: Falchion   |    23 |    24 ||    47

Levels and vault maps discovered:
D:1:      arrival_aquarium_b, layout_basic
D:2:      kennysheep_the_goblin_king, layout_loops_ring
D:3:      layout_basic, minivault_5, st_stairs_6, minmay_gold_behind_fungi,
          kennysheep_cluttered_room, hangedman_decor_riveting
D:4:      layout_loops_ring, yredelemnul_altar_generic,
          minmay_temple_entry_glassed_door

Notes
Turn   | Place    | Note
-------+----------+-------------------------------------------
     0 | D:1      | Dracia the Demonspawn Chaos Knight began the quest for the
                  | Orb.
     0 | D:1      | Reached XP level 1. HP: 18/18 MP: 1/1
     3 | D:1      | Noticed an electric eel
     3 | D:1      | Noticed an electric eel
    18 | D:1      | XOM: silly message
   179 | D:1      | Reached skill level 3 in Long Blades
   200 | D:1      | Gained mutation: A weak demonic guardian rushes to your
                  | aid. [demonic ancestry]
   200 | D:1      | Reached XP level 2. HP: 24/24 MP: 2/2
   237 | D:1      | XOM: noise
   322 | D:1      | XOM: noise
   885 | D:2      | Reached XP level 3. HP: 29/29 MP: 3/3
   896 | D:2      | Reached skill level 4 in Long Blades
  1080 | D:2      | XOM: divination: detect items
  1173 | D:2      | Gained mutation: Your flesh is cold resistant. (rC+)
                  | [demonic ancestry]
  1173 | D:2      | Reached XP level 4. HP: 6/35 MP: 4/4
  1212 | D:2      | XOM: give mutations
  1212 | D:2      | Gained mutation: Your mind is acute. (Int +2) [Xom's
                  | mischief]
  1212 | D:2      | Gained mutation: Your spells are a little easier to cast,
                  | but a little less powerful. [Xom's mischief]
  1212 | D:2      | Gained mutation: You are frail. (-10% HP) [Xom's mischief]
  1509 | D:2      | XOM: polymorph dart slug -> bat
  1837 | D:2      | XOM: stat loss: -1 Str (12/13)
  1892 | D:2      | XOM: divination: detect creatures
  2391 | D:3      | Reached skill level 5 in Long Blades
  2819 | D:3      | XOM: give mutations
  2819 | D:3      | Gained mutation: You have an increased reservoir of magic.
                  | (+10% MP) [Xom's grace]
  2819 | D:3      | Gained mutation: You possess an exceptional clarity of
                  | mind. [Xom's grace]
  3066 | D:4      | Noticed an ogre
  3067 | D:4      | Noticed a tengu
  3067 | D:4      | an ogre changed into a tengu
  3067 | D:4      | XOM: polymorph ogre -> tengu
  3077 | D:4      | Noticed a wyvern
  3077 | D:4      | a tengu changed into a wyvern
  3079 | D:4      | Noticed a sky beast
  3079 | D:4      | a wyvern changed into a sky beast
  3079 | D:4      | XOM: polymorph wyvern -> sky beast
  3084 | D:4      | HP: 3/31 [sky beast (6)]
  3088 | D:4      | Killed a sky beast
  3089 | D:4      | Gained mutation: You have sharp toenails. [demonic
                  | ancestry]
  3089 | D:4      | Reached XP level 5. HP: 5/36 MP: 5/5
  3381 | D:4      | Found a basalt altar of Yredelemnul.
  3463 | D:4      | XOM: 1-stop teleportation journey
  3493 | D:4      | XOM: cleaving
  3496 | D:4      | Reached skill level 6 in Long Blades
  3713 | D:4      | XOM: give mutation
  3713 | D:4      | Lost mutation: Your spells are a little easier to cast, but
                  | a little less powerful. [Xom's grace]
  3777 | D:4      | Reached XP level 6. HP: 42/42 MP: 6/6
  3863 | D:4      | XOM: confuse monster(s)
  3926 | D:4      | HP: 1/42 [something/puff of frost (8)]
  3928 | D:4      | Mangled by an orc wizard

Vanquished Creatures
  A sky beast (D:4)
  5 adders
  A dart slug (D:1)
  A leopard gecko (D:2)
  9 orcs
  4 giant cockroaches
  15 goblins
  7 hobgoblins
  4 jackals (D:1)
  7 kobolds
  2 quokkas (D:3)
  3 ball pythons
  10 bats
  6 frilled lizards
  A jackal skeleton (D:3)
  10 rats
  A toadstool (D:3)
87 creatures vanquished.

Vanquished Creatures (collateral kills)
  A scorpion (D:4)
  A worker ant (D:4)
  An orc (D:4)
3 creatures vanquished.

Vanquished Creatures (others)
  5 toadstools (D:3)
5 creatures vanquished.

Grand Total: 95 creatures vanquished

Table legend: (Time is in decaauts)
 A = Elapsed time spent in this place.
 B = Non-inter-level travel time spent in this place.
 C = Inter-level travel time spent in this place.
 D = Time resting spent in this place.
 E = Time spent auto-exploring this place.
 F = Levels seen in this place.
 G = Mean time per level.
                   A        B        C        D        E       F      G
               +--------+--------+--------+--------+--------+-----+--------+
         Total |   3944 |   3876 |     68 |    916 |   2400 |   4 |  986.0 |
       Dungeon |   3944 |   3876 |     68 |    916 |   2400 |   4 |  986.0 |
               +--------+--------+--------+--------+--------+-----+--------+

Top non-repeatable levels by time:
     D:2: 1095 daAuts
     D:3: 1082 daAuts
     D:4: 913 daAuts
     D:1: 852 daAuts

Table legend:
 A = Non-vault XP
 B = Vault XP
 C = Vault XP percentage of total XP
 D = Non-vault monster count
 E = Vault monster count
 F = Vault count percentage of total count
                 A         B        C        D         E       F
            +---------+---------+-------+---------+---------+-------
      Total |     375 |      16 |   4.1 |      81 |       8 |   9.0
            +---------+---------+-------+---------+---------+-------
        D:1 |      34 |       0 |   0.0 |      21 |       0 |   0.0
        D:2 |      77 |      14 |  15.4 |      28 |       7 |  20.0
        D:3 |      52 |       2 |   3.7 |      20 |       1 |   4.8
        D:4 |     212 |       0 |   0.0 |      12 |       0 |   0.0
            +---------+---------+-------+---------+---------+-------
